[Event "Team 45 45 League T48"]
[Site "Internet Chess Club"]
[Date "2011.03.22"]
[Round "6"]
[White "Philly-Boy"]
[Black "SuperMinor"]
[Result "1-0"]
[WhiteElo "1840"]
[BlackElo "1850"]
[Opening "King's Indian: Four pawns attack"]
[ECO "E76"]
[Time "14:05:16"]
[TimeControl "2700+45"]

1. d4 Nf6 2. c4 g6 3. Nc3 Bg7 4. e4 d6 5. f4 c5 6. d5 O-O 7. Bd3 Na6 8. Nf3 e6
9. O-O exd5 10. cxd5 Nb4 11. Bb1 Re8 12. a3 Na6 13. f5 Nc7 14. fxg6 fxg6 15. Bg5
h6 16. Bf4 Nh5 17. Be3 a6 18. e5 dxe5 19. Bxg6 e4 20. Ne1 Nf6 21. Bxe8 Qxe8 22.
Qd2 Ng4 23. Bxc5 e3 24. Qd3 Qh5 25. Nf3 Bf5 26. Qc4 b5 27. Qf4 Bxc3 28. bxc3
Nxd5 29. Qd4 e2 30. Qxd5+ Kg7 31. Bd4+ Nf6 32. Bxf6+ Kxf6 33. Qxa8 exf1=Q+ 34.
Rxf1 Bd3 35. Qf8+ Ke6 36. Re1+ Kd5 37. Re5+ Qxe5 38. Nxe5 Kxe5 39. Qxh6 {Black
resigns} 1-0

[Event "Team 45 45 League T48"]
[Site "Internet Chess Club"]
[Date "2011.03.22"]
[Round "6"]
[White "MASTERCHEF"]
[Black "Gregorio"]
[Result "0-1"]
[WhiteElo "1703"]
[BlackElo "2009"]
[Opening "Scotch gambit"]
[ECO "C44"]
[Time "22:00:17"]
[TimeControl "2700+45"]

1. e4 e5 2. Nf3 Nc6 3. d4 exd4 4. Bc4 d6 5. Nxd4 Nge7 6. Nc3 g6 7. Be3 Bg7 8.
Qd2 a6 9. a4 Ne5 10. Be2 c6 11. O-O O-O 12. f4 Nd7 13. f5 Nf6 14. g4 d5 15. e5
Nxg4 16. Bxg4 Bxe5 17. Nf3 Bc7 18. Bh6 Re8 19. fxg6 hxg6 20. Bxc8 Qxc8 21. Qg5
Nf5 22. h3 Bb6+ 23. Kh1 Be3 24. Qg2 Bxh6 25. Rfe1 Ne3 26. Rxe3 Rxe3 27. Rd1 Qf5
28. Rf1 Rae8 29. Nd4 Rxh3+ 30. Kg1 Be3+ {White resigns} 0-1

[Event "Team 45 45 League T48"]
[Site "Internet Chess Club"]
[Date "2011.03.21"]
[Round "6"]
[White "MeanMrMustard"]
[Black "AntonioMendonca"]
[Result "1-0"]
[WhiteElo "1846"]
[BlackElo "1523"]
[Opening "French: Tarrasch"]
[ECO "C03"]
[Time "19:16:49"]
[TimeControl "2700+45"]

1. e4 e6 2. d4 d5 3. Nd2 a6 4. e5 c5 5. c3 Nc6 6. Ngf3 Bd7 7. Be2 cxd4 8. cxd4
Qb6 9. Qb3 Bb4 10. O-O Nxd4 11. Nxd4 Qxd4 12. Nf3 Qc5 13. a3 Ba5 14. Qxb7 Bc6
15. Be3 Bxb7 16. Bxc5 Ne7 17. Rac1 Rc8 18. b4 Bc7 19. b5 axb5 20. Bxb5+ Kd8 21.
Ng5 Rf8 22. Nxh7 Rh8 23. Ng5 Rf8 24. f4 g6 25. a4 Ba5 26. Ba3 Rxc1 27. Rxc1 Bd2
28. Bxe7+ Kxe7 29. Rc7+ Kd8 30. Rxb7 Bxf4 31. Nxf7+ Kc8 32. Nd6+ Kd8 33. Rd7#
{Black checkmated} 1-0

[Event "Team 45 45 League T48"]
[Site "Internet Chess Club"]
[Date "2011.03.19"]
[Round "6"]
[White "quotha"]
[Black "ghostfire"]
[Result "1-0"]
[WhiteElo "1656"]
[BlackElo "1672"]
[Opening "Dunst (Sleipner, Heinrichsen) opening"]
[ECO "A00"]
[Time "08:32:06"]
[TimeControl "2700+45"]

1. Nc3 c5 2. d4 cxd4 3. Qxd4 Nc6 4. Qd3 Nf6 5. e4 d6 6. Be2 g6 7. f4 Qb6 8. Be3
Qxb2 9. Rb1 Qa3 10. Rb3 Qa5 11. Rb5 Qc7 12. Nd5 Nxd5 13. exd5 Bf5 14. Qc3 Rg8
15. dxc6 Bg7 16. Bd4 Bxd4 17. Qxd4 Qxc6 18. Rb2 Kf8 19. Bf3 Qc7 20. Rxb7 Qxc2
21. Ne2 Qxa2 22. O-O a5 23. Rb2 e5 24. Qxd6+ {Black resigns} 1-0

[Event "Team 45 45 League T48"]
[Site "Internet Chess Club"]
[Date "2011.03.16"]
[Round "6"]
[White "Karpyan"]
[Black "upsan"]
[Result "1-0"]
[WhiteElo "1876"]
[BlackElo "1774"]
[Opening "Dutch defense"]
[ECO "A90"]
[Time "15:14:02"]
[TimeControl "2700+45"]

1. d4 e6 2. c4 f5 3. g3 Nf6 4. Nc3 c6 5. Bg2 d5 6. Nh3 Be7 7. O-O O-O 8. cxd5
exd5 9. Nf4 Na6 10. Nd3 Nc7 11. Bf4 Ne6 12. Be5 Ng4 13. Rc1 Nxe5 14. Nxe5 f4 15.
a3 Bf6 16. Nf3 Qb6 17. Na4 Qd8 18. Nc3 Bd7 19. Qd2 Ng5 20. gxf4 Nh3+ 21. Kh1 Bh4
22. e3 Bg4 23. Ne5 Be6 24. b4 g5 25. Bxh3 Bxh3 26. Rg1 Kh8 27. Qe2 Qe8 28. Nf3
Qh5 29. Nxh4 Qxh4 30. Rxg5 Rg8 31. Rcg1 Rxg5 32. Rxg5 Rg8 33. Rxg8+ Kxg8 34. Na4
Qe7 35. Nc3 Qh4 36. Qf3 Qh6 37. Qg3+ Kf7 38. Qg5 Qe6 39. Qh5+ Kg7 40. Qe5+ Qxe5
41. fxe5 Kg6 42. Kg1 {Black resigns} 1-0

[Event "Team 45 45 League T48"]
[Site "Internet Chess Club"]
[Date "2011.03.18"]
[Round "6"]
[White "Mark-SF"]
[Black "fileman"]
[Result "1-0"]
[WhiteElo "1918"]
[BlackElo "1912"]
[Opening "KP: Nimzovich defense"]
[ECO "B00"]
[Time "15:01:53"]
[TimeControl "2700+45"]

1. e4 Nc6 2. d4 e5 3. d5 Nce7 4. Nf3 Ng6 5. h4 h5 6. Bg5 Be7 7. Nc3 Nf6 8. Qd2
d6 9. O-O-O a6 10. g3 b5 11. Bh3 Bxh3 12. Rxh3 Qd7 13. Rhh1 b4 14. Bxf6 bxc3 15.
Qxc3 gxf6 16. Nh2 f5 17. Rde1 fxe4 18. Rxe4 O-O 19. Nf3 f5 20. Rc4 Rfc8 21. Qd2
Kg7 22. Ng5 Bxg5 23. Qxg5 Rh8 24. Qd2 Rac8 25. Rc6 Ne7 26. Rxa6 Qb5 27. Ra5 Qb6
28. Ra3 Ra8 29. Rxa8 Rxa8 30. Qg5+ Kf8 31. Qf6+ {Black resigns} 1-0

[Event "Team 45 45 League T48"]
[Site "Internet Chess Club"]
[Date "2011.03.18"]
[Round "6"]
[White "SidVicious"]
[Black "qs16"]
[Result "0-1"]
[WhiteElo "1698"]
[BlackElo "1741"]
[Opening "Sicilian: Grand Prix attack"]
[ECO "B23"]
[Time "17:02:00"]
[TimeControl "2700+45"]

1. e4 c5 2. Nc3 Nc6 3. f4 g6 4. Nf3 Bg7 5. Bb5 Nd4 6. Bd3 e6 7. Nxd4 cxd4 8. Nb5
Qb6 9. e5 Bf8 10. c3 dxc3 11. dxc3 a6 12. Nd4 Bc5 13. Be2 Qc7 14. O-O Ne7 15.
Be3 b5 16. Bf3 Bb7 17. Qd2 O-O 18. Rad1 Rad8 19. g4 d6 20. exd6 Rxd6 21. Qf2
Bxf3 22. Qxf3 Rfd8 23. Nc2 Rxd1 24. Rxd1 Rxd1+ 25. Qxd1 Bxe3+ 26. Nxe3 Qxf4 27.
Ng2 Qc7 28. Qd4 Nd5 29. Ne1 Qf4 30. Qxf4 Nxf4 31. Kf2 f6 32. Ke3 e5 33. Nf3 Kf7
34. b3 Nd5+ 35. Kd3 Ke6 36. c4 Nb4+ 37. Ke4 Nxa2 38. c5 Nb4 39. h4 f5+ 40. gxf5+
gxf5+ 41. Ke3 Nd5+ 42. Kd2 h6 43. h5 Nf4 44. c6 Nd5 45. Nh4 e4 46. Ng6 Kd6 47.
Nh4 Ne7 48. Ke3 Kxc6 49. Kf4 Kd5 50. Ng6 Nxg6+ 51. hxg6 Ke6 {White resigns} 0-1

[Event "Team 45 45 League T48"]
[Site "Internet Chess Club"]
[Date "2011.03.19"]
[Round "6"]
[White "Buford-Julep"]
[Black "bondguy01"]
[Result "1/2-1/2"]
[WhiteElo "1625"]
[BlackElo "1693"]
[Opening "Four knights: Rubinstein counter-gambit, exchange variation"]
[ECO "C48"]
[Time "10:02:21"]
[TimeControl "2700+45"]

1. e4 e5 2. Nf3 Nc6 3. Nc3 Nf6 4. Bb5 Nd4 5. Nxd4 exd4 6. e5 dxc3 7. exf6 Qxf6
8. dxc3 Qe5+ 9. Qe2 Qxe2+ 10. Kxe2 Bc5 11. Re1 O-O 12. Kf1 c6 13. Be2 d5 14. Bf4
Bf5 15. Bd3 Bxd3+ 16. cxd3 Rfe8 17. d4 Bb6 18. Rxe8+ Rxe8 19. Re1 {Game drawn by
mutual agreement} 1/2-1/2